 Dungeon Crawl Stone Soup version 0.29-a0-542-g075992c915 (webtiles) character file.

Game seed: 8966924274590039140

68413 HoaS the Sniper (level 15, -11/151 HPs)
             Began as a Kobold Hunter on June 3, 2022.
             Was a High Priest of Okawaru.
             Mangled by an ogre
             ... wielding a +0 giant spiked club
              (12 damage)
             ... on level 2 of the Orcish Mines.
             The game lasted 00:49:20 (19572 turns).

HoaS the Sniper (Kobold Hunter)                    Turns: 19572, Time: 00:49:21

Health: -11/151    AC: 27    Str:  8    XL:     15   Next: 70%
Magic:  15/21      EV:  3    Int: 12    God:    Okawaru [*****.]
Gold:   2186       SH:  0    Dex: 25    Spells: 14/14 levels left

rFire   . . .      SeeInvis .   G - +0 triple crossbow (freeze)
rCold   . . .      Faith    .   (shield currently unavailable)
rNeg    . . .      Spirit   .   (body armour currently unavailable)
rPois   +          Reflect  .   (helmet currently unavailable)
rElec   .          Harm     .   (cloak currently unavailable)
rCorr   +          Rampage  .   (gloves currently unavailable)
Will    +....      NoTele   +   (boots currently unavailable)
Stlth   +++++++...              i - amulet of regeneration
HPRegen 1.15/turn               C - ring of poison resistance
MPRegen 0.17/turn               q - ring of resist corrosion

@: tree-form, heroic, finesse-ful
A: stationary, stasis, torment immunity, boosted hp, small, no large weapons,
nightstalker 3
a: Renounce Religion, Heroism, Finesse, Duel


You were on level 2 of the Orcish Mines.
You worshipped Okawaru.
Okawaru was extremely pleased with you.
You were a tree.
You visited 4 branches of the dungeon, and saw 20 of its levels.

You collected 2833 gold pieces.
You spent 647 gold pieces at shops.

Inventory:

Hand Weapons
 B - a +4 arbalest of freezing
 G - a +0 triple crossbow of freezing (weapon)
Missiles
 A - a throwing net
Armour
 b - a scarf of repulsion (melded)
 h - the +1 pair of gloves of Bedevilment (melded) {Str+4}
   (You acquired it on level 3 of the Dungeon)

   Str:       It affects your strength (+4).
 o - a +2 helmet (melded)
 v - +1 steam dragon scales (melded)
 E - the +1 pair of boots "Hydghama" (melded) {Str+6}
   (Okawaru gifted it to you on level 2 of the Lair of Beasts)

   Str:       It affects your strength (+6).
 L - a +0 cloak
Jewellery
 i - an amulet of regeneration (around neck)
 l - a ring of willpower
 q - a ring of resist corrosion (right branch)
 C - a ring of poison resistance (left branch)
Wands
 d - a wand of paralysis (7)
 f - a wand of charming (14)
 j - a wand of iceblast (25)
 p - a wand of acid (3)
 r - a wand of polymorph (12)
 w - a wand of flame (4)
Scrolls
 c - 9 scrolls of immolation
 e - 5 scrolls of teleportation
 m - 4 scrolls of poison
 s - a scroll of summoning
 t - 2 scrolls of identify
 y - a scroll of magic mapping
 z - 2 scrolls of fear
 D - 2 scrolls of fog
Potions
 a - a potion of might
 g - a potion of haste
 k - 4 potions of ambrosia
 n - 5 potions of attraction
 u - 3 potions of flight
 x - 6 potions of mutation
 H - a potion of cancellation
 I - 2 potions of resistance
 J - a potion of berserk rage


   Skills:
 - Level 14.7(19.7) Fighting
 + Level 22.0(27) Crossbows
 - Level 15.4(20.4) Dodging
 - Level 7.0(12.0) Stealth
 - Level 8.4 Invocations


You had 14 spell levels left.
You didn't know any spells.
Your spell library contained the following spells:

 Spells                   Type           Power      Damage    Failure   Level
 Beastly Appendage        Tmut           0%         N/A       32%         1
 Sting                    Tmut/Pois      0%         1d3       32%         1
 Poisonous Vapours        Pois/Air       0%         N/A       45%         2
 Static Discharge         Conj/Air       0%         N/A       45%         2
 Sublimation of Blood     Necr           0%         N/A       45%         2
 Wereblood                Tmut           0%         N/A       45%         2
 Spider Form              Tmut/Pois      0%         N/A       69%         3
 Olgreb's Toxic Radiance  Pois           0%         N/A       97%         4
 Passage of Golubria      Tloc           0%         N/A       97%         4
 Petrify                  Tmut/Erth      0%         N/A       97%         4
 Borgnjor's Vile Clutch   Necr/Erth      0%         N/A       100%        5
 Freezing Cloud           Conj/Ice/Air   0%         6-21      100%        5
 Lightning Bolt           Conj/Air       0%         1d11      100%        5
 Metabolic Englaciation   Hex/Ice        0%         N/A       100%        5
 Silence                  Hex/Air        0%         N/A       100%        5
 Statue Form              Tmut/Erth      0%         N/A       100%        6
 Lehudib's Crystal Spear  Conj/Erth      0%         10d2      100%        8
 Maxwell's Capacitive Co  Air            0%         ∞         100%        8
 Polar Vortex             Ice            0%         N/A       100%        9
 Animate Dead             Necr           Unusable   N/A       N/A         4
 Death Channel            Necr           Unusable   N/A       N/A         6
 Simulacrum               Ice/Necr       Unusable   N/A       N/A         6
 Summon Hydra             Summ           Unusable   N/A       N/A         7

Dungeon Overview and Level Annotations

Branches:
Dungeon (11/15)            Temple (1/1) D:5            Lair (6/6) D:8
  Swamp (0/4) Lair:2        Snake (0/4) Lair:2        Slime (0/5) Lair:6
    Orc (2/2) D:11
    Elf: Orc:2

Altars:
Ashenzari
Cheibriados
Dithmenos
Elyvilon
Fedhas
Gozag
Hepliaklqana
Kikubaaqudgha
Makhleb
Nemelex Xobeh
Okawaru
Qazlal
Ru
Sif Muna
Trog
Uskayaw
Vehumet
Wu Jian
Xom
Yredelemnul
Zin
The Shining One
Beogh

Shops:
D:3 !   D:8 (?*


Innate Abilities, Weirdness & Mutations

You are a tree.
Your roots penetrate the ground, keeping you stationary.
You cannot be teleported.
You are immune to unholy pain and torment.
Your maximum health is greatly increased.
Your equipment is partially melded.
You are small and have problems with some larger weapons.
You are completely attuned to the shadows.


Message History

You hear a shout! x3; You hear two shouts!
The ogre completely misses you.
The two-headed ogre completely misses you. x2
You shoot a bolt. The bolt hits the two-headed ogre!!!
The bolt freezes the two-headed ogre.
You kill the two-headed ogre!
Okawaru accepts your kill. The ogre closely misses you.
The two-headed ogre hits you with a +0 giant club!!
The two-headed ogre hits you with a +0 giant spiked club!
The ogre misses you.
You are too injured to fight recklessly!
You are too injured to fight recklessly!
As you read the scroll of teleportation, it crumbles to dust.
You feel strangely unstable. Something hits you!!
* * * LOW HITPOINT WARNING * * *
The two-headed ogre hits you with a +0 great mace!
* * * LOW HITPOINT WARNING * * *
The two-headed ogre closely misses you. The ogre completely misses you.
A two-headed ogre comes into view.
It is wielding a +0 great mace and a +0 giant spiked club.
You feel better.
The two-headed ogre completely misses you. x2
The ogre completely misses you. x3; Something completely misses you.
Unknown command.
Really quaff the potion of lignification?
You turn into a tree.
Your scarf of repulsion melds into your body.
Your +2 helmet melds into your body.
The +1 pair of gloves of Bedevilment {Str+4} melds into your body.
The +1 pair of boots "Hydghama" {Str+6} melds into your body.
Your +1 steam dragon scales melds into your body.
The haze of the repulsion field disappears.
Your roots penetrate the ground.
You feel strangely stable. The ogre hits you with a +0 giant club.
* * * LOW HITPOINT WARNING * * *
The two-headed ogre hits you with a +0 great mace!
* * * LOW HITPOINT WARNING * * *
The two-headed ogre hits you but does no damage.
The ogre hits you with a +0 giant spiked club!
You die...

..)...............##.....#####
...)#.......#............))...
...#.......###.#..........)...
............#.....########{O##
.................# ##


OO.O ..........#.##...##.. OOOO .##....#.#...##..#... OOO. ####.######...#OOO.O.
### #....O♣O... ##...OO#... ##.){O# ). #....O# # #.....OO# ......... .........
You could see 3 two-headed ogres and 9 ogres.

Vanquished Creatures
  Saint Roka (Orc:1)
  Nessos (Lair:5)
  A fire dragon (Lair:6)
  2 boulder beetles (Lair:2)
  2 hydras (Lair:6)
  2 ogre magi (Orc:2)
  A catoblepas (Lair:2)
  11 two-headed ogres
  Sonja (Lair:1)
  A swamp dragon (Lair:6)
  Pikel (D:6)
  3 orc knights
  A wolf spider (Lair:6)
  2 oklob plants
  3 cyclopes
  21 elephants (Lair:6)
  7 black mambas (Lair:6)
  Joseph (Lair:1)
  Maggie (Lair:2)
  A torpor snail (Lair:2)
  8 cane toads
  A kobold demonologist (D:11)
  2 rime drakes (Lair:6)
  12 komodo dragons
  4 trolls
  2 hornets
  15 polar bears
  18 blink frogs
  A shadow (D:10)
  Sigmund (D:3)
  3 wraiths
  3 wyverns
  45 yaks
  5 basilisks
  4 vampire mosquitoes (D:10)
  3 steam dragons
  5 wargs
  6 two-headed ogre zombies (D:9)
  Edmund (D:6)
  3 acid dragons
  4 nagas (Lair:2)
  17 water moccasins
  17 hell hounds (Lair:6)
  Duvessa (D:5)
  22 orc warriors
  2 swamp drakes (Lair:6)
  An ice beast (D:8)
  14 black bears
  27 wolves
  10 ogres
  2 centaurs
  2 lemures (D:6)
  A phantom (D:7)
  Blork the orc (D:4)
  A kobold brigand (D:9)
  9 bullfrogs
  A gnoll sergeant (D:10)
  3 scorpions
  2 necrophages
  11 wights (D:8)
  Dowan (D:5)
  An oklob sapling (D:10)
  4 killer bees (D:11)
  A howler monkey (D:8)
  3 electric eels (Lair:3)
  4 jellies
  10 orc priests
  6 iguanas
  28 orc wizards
  Robin (D:3)
  3 gnolls (D:10)
  12 adders
  A white imp (D:6)
  An ufetubus (D:6)
  A worm (D:3)
  5 dart slugs
  74 orcs
  4 bats
  5 endoplasms
  3 giant cockroaches
  9 goblins
  10 hobgoblins
  7 jackals
  A quokka (D:3)
  21 ball pythons
  2 frilled lizards
  12 kobolds
  A rat (D:3)
585 creatures vanquished.

Vanquished Creatures (others)
  A rime drake (Lair:6)
  20 fungi
  60 plants
81 creatures vanquished.

Grand Total: 666 creatures vanquished

Notes
Turn   | Place    | Note
-------+----------+-------------------------------------------
     0 | D:1      | HoaS the Kobold Hunter began the quest for the Orb.
     0 | D:1      | Reached XP level 1. HP: 12/12 MP: 1/1
   110 | D:1      | Reached XP level 2. HP: 17/17 MP: 2/2
   123 | D:1      | Reached skill level 6 in Crossbows
   360 | D:1      | Reached XP level 3. HP: 21/21 MP: 3/3
   824 | D:2      | Found a faded altar of an unknown god.
   868 | D:2      | Reached skill level 7 in Crossbows
   868 | D:2      | Reached XP level 4. HP: 26/26 MP: 4/4
  1547 | D:3      | Noticed Sigmund
  1555 | D:3      | Killed Sigmund
  1556 | D:3      | Reached skill level 9 in Crossbows
  1556 | D:3      | Reached XP level 5. HP: 24/30 MP: 5/5
  1556 | D:3      | Reached XP level 6. HP: 29/35 MP: 6/6
  1623 | D:3      | Found Gefopoatun's Distillery.
  1629 | D:3      | Bought a potion of heal wounds for 55 gold pieces
  1656 | D:3      | Noticed Robin
  1661 | D:3      | Killed Robin
  1735 | D:3      | Identified a scroll of acquirement
  1735 | D:3      | Acquired the +1 pair of gloves of Bedevilment {Str+4}
  2848 | D:4      | Noticed Blork the orc
  2864 | D:4      | Killed Blork the orc
  2865 | D:4      | Reached skill level 10 in Crossbows
  2865 | D:4      | Reached XP level 7. HP: 40/40 MP: 7/7
  3123 | D:4      | You fall into a shaft and drop 2 floors!
  3149 | D:5      | Entered Level 5 of the Dungeon
  3791 | D:5      | Identified the +0 ring mail "Puekosou" {Harm rElec Str+2}
  3836 | D:5      | Found a staircase to the Ecumenical Temple.
  3842 | Temple   | Entered the Ecumenical Temple
  4039 | Temple   | Became a worshipper of Warmaster Okawaru
  4071 | D:5      | Reached XP level 8. HP: 48/48 MP: 8/8
  4095 | D:5      | Reached skill level 1 in Invocations
  4216 | D:5      | Noticed Duvessa
  4222 | D:5      | Noticed Dowan
  4225 | D:5      | Killed Duvessa
  4231 | D:5      | Killed Dowan
  4232 | D:5      | Reached skill level 5 in Dodging
  4294 | D:5      | Found a burning altar of Makhleb.
  4394 | D:5      | Reached * piety under Okawaru
  4395 | D:5      | Reached skill level 5 in Fighting
  4768 | D:5      | Acquired 772 gold pieces
  4855 | D:6      | Noticed Pikel
  4986 | D:6      | Noticed Edmund
  5000 | D:6      | Killed Edmund
  5064 | D:6      | Identified the +1 leather armour of Weockozo {rPois rCorr
                  | Dex+5 SInv}
  5200 | D:6      | Reached XP level 9. HP: 49/55 MP: 9/11
  5243 | D:6      | Reached ** piety under Okawaru
  5272 | D:6      | Reached skill level 5 in Stealth
  6015 | D:6      | Killed Pikel
  6015 | D:6      | Reached *** piety under Okawaru
  6416 | D:7      | Reached XP level 10. HP: 64/64 MP: 12/12
  7353 | D:8      | Found a staircase to the Lair.
  7487 | D:8      | Found Nyfrey's Weapon Boutique.
  7505 | D:8      | Reached skill level 10 in Dodging
  7535 | D:8      | Reached **** piety under Okawaru
  7625 | D:8      | Reached skill level 10 in Fighting
  7680 | D:8      | Found Kisuineh's Assorted Antiques.
  7685 | D:8      | Bought a scroll of teleportation for 99 gold pieces
  7725 | D:8      | Found Beluos's Magic Scroll Emporium.
  7731 | D:8      | Bought a scroll of enchant armour for 97 gold pieces
  7731 | D:8      | Bought a scroll of brand weapon for 260 gold pieces
  7731 | D:8      | Bought a scroll of teleportation for 39 gold pieces
  7731 | D:8      | Bought a scroll of enchant armour for 97 gold pieces
  8126 | D:9      | Noticed a two-headed ogre
  8135 | D:9      | Noticed a komodo dragon
  8149 | D:9      | Killed a komodo dragon
  8550 | D:9      | Reached ***** piety under Okawaru
  8550 | D:9      | Received a gift from Okawaru
  8658 | D:9      | Reached XP level 11. HP: 72/73 MP: 13/13
  8749 | D:9      | Received a gift from Okawaru
  8750 | D:9      | Reached skill level 11 in Crossbows
  8914 | D:9      | Killed a two-headed ogre
  8922 | D:10     | Entered Level 10 of the Dungeon
  8963 | D:10     | Reached skill level 12 in Crossbows
  9289 | D:10     | Reached skill level 13 in Crossbows
  9296 | D:10     | Noticed an oklob plant
  9302 | D:10     | Killed an oklob plant
  9864 | D:10     | Reached skill level 14 in Crossbows
 10199 | Lair:1   | Entered Level 1 of the Lair of Beasts
 10259 | Lair:1   | You fall into a shaft and drop 1 floor!
 10498 | Lair:1   | Reached skill level 15 in Crossbows
 10550 | Lair:1   | Noticed Sonja
 10552 | Lair:1   | Killed Sonja
 10552 | Lair:1   | Identified the +1 arbalest of Grontol {vorpal, Int+5}
                  | (Okawaru gifted it to you on level 1 of the Lair of Beasts)
 10552 | Lair:1   | Received a gift from Okawaru
 10553 | Lair:1   | Reached XP level 12. HP: 79/79 MP: 15/15
 11042 | Lair:1   | Noticed Joseph
 11052 | Lair:1   | Killed Joseph
 11263 | Lair:2   | Reached skill level 16 in Crossbows
 11375 | Lair:2   | Found a staircase to the Swamp.
 11428 | Lair:2   | Noticed Maggie
 11441 | Lair:2   | Killed Maggie
 11518 | Lair:2   | Noticed a boulder beetle
 11530 | Lair:2   | Killed a boulder beetle
 11571 | Lair:2   | Noticed a boulder beetle
 11573 | Lair:2   | Noticed a catoblepas
 11700 | Lair:2   | Killed a catoblepas
 11710 | Lair:2   | Killed a boulder beetle
 11711 | Lair:2   | Reached skill level 5 in Invocations
 11831 | Lair:2   | Identified the +1 pair of boots "Hydghama" {Str+6} (Okawaru
                  | gifted it to you on level 2 of the Lair of Beasts)
 11831 | Lair:2   | Received a gift from Okawaru
 11916 | Lair:2   | Found a staircase to the Snake Pit.
 12594 | Lair:3   | Reached XP level 13. HP: 86/86 MP: 17/17
 14881 | Lair:5   | Received a gift from Okawaru
 15248 | Lair:5   | Noticed Nessos
 15256 | Lair:5   | Killed Nessos
 15449 | Lair:6   | Entered Level 6 of the Lair of Beasts
 15558 | Lair:6   | Found a staircase to the Slime Pits.
 15611 | Lair:6   | Noticed a seven-headed hydra
 15620 | Lair:6   | Killed a seven-headed hydra
 15621 | Lair:6   | Reached XP level 14. HP: 95/96 MP: 19/19
 15647 | Lair:6   | Reached skill level 15 in Dodging
 15851 | Lair:6   | Reached ****** piety under Okawaru
 15857 | Lair:6   | Received a gift from Okawaru
 16253 | Lair:6   | Reached skill level 17 in Crossbows
 16555 | Lair:6   | Identified the +0 ring mail "Jonoopoo" {-Cast rF+ Stlth+}
                  | (Okawaru gifted it to you on level 6 of the Lair of Beasts)
 16555 | Lair:6   | Received a gift from Okawaru
 16563 | Lair:6   | HP: 7/144 [poisoned by a swamp dragon (poison gas)]
 16568 | Lair:6   | HP: 3/96 [poisoned by a swamp dragon (poison gas)]
 16851 | Lair:6   | Reached skill level 18 in Crossbows
 17208 | Lair:6   | Reached skill level 19 in Crossbows
 17244 | Lair:6   | Reached XP level 15. HP: 101/101 MP: 21/21
 17831 | D:11     | Found a staircase to the Orcish Mines.
 18345 | Orc:1    | Entered Level 1 of the Orcish Mines
 18428 | Orc:1    | Reached skill level 20 in Crossbows
 18691 | Orc:2    | Entered Level 2 of the Orcish Mines
 18742 | Orc:2    | Noticed Saint Roka
 18872 | Orc:1    | Killed Saint Roka
 18872 | Orc:1    | Identified the +0 plate armour of Okawaru's Grace {Str+6}
                  | (Okawaru gifted it to you on level 1 of the Orcish Mines)
 18872 | Orc:1    | Received a gift from Okawaru
 19241 | Orc:2    | Reached skill level 21 in Crossbows
 19563 | Orc:2    | Reached skill level 22 in Crossbows
 19570 | Orc:2    | HP: 1/101 [two-headed ogre/+0 great mace (16)]
 19572 | Orc:2    | Mangled by an ogre

Illustrated notes

Levels and vault maps discovered:
D:1:      wander_arrival_estate, layout_basic, kennysheep_pointless_box
D:2:      layout_basic, basic_ecumenical_altar, minmay_door_square
D:3:      layout_loops_ring, serial_shops, nicolae_shop_trees,
          minmay_misc_feat_enclosed, uniq_sigmund, uniq_robin
D:4:      layout_basic, minmay_misc_feat_rugged, saegor_snake_ambush,
          uniq_blork_the_orc
D:5:      layout_cave_pods, nicolae_overflow_crystal_walls,
          minmay_temple_entry_mist, kennysheep_generic_room_14, uniq_duvessa
D:6:      layout_gridville, uniq_pikel, uniq_edmund
D:7:      minmay_flawed_box, layout_layer_cave, kennysheep_cluttered_room
D:8:      layout_gridville, lair_entry_dummy, serial_shops, nicolae_shop_stone,
          nicolae_shop_window_shopping, nicolae_shop_advertising_works
          [nicolae_subvault_shop_adworks]
D:9:      lemuel_ogre_cave, layout_loops_ring
D:10:     layout_basic, hangedman_abyss_or_decor_jellyfish_corner,
          introduction_to_nature_1
D:11:     layout_irregular_city, orc_0_dummy, minmay_misc_feat_roman
Temple:   minmay_crystal_snake_temple
Lair:1:   layout_regular_city, st_stairs_7, grunt_megastairs_1, uniq_joseph,
          uniq_sonja
Lair:2:   layout_gridlike, swamp_mist, minmay_snake_entry_guardpost_small,
          grunt_megastairs_3, uniq_maggie
Lair:3:   layout_gridlike, serial_bayou, serial_bayou_pond_e,
          serial_bayou_pond_c, serial_bayou_pond_b, serial_bayou_shore_a
Lair:4:   layout_cave_pods, beast_lair_carwin_4
Lair:5:   layout_cave_pods, uniq_nessos
Lair:6:   guppyfry_lair_end_dragon, layout_layer_cave,
          hangedman_lair_caniforms_friends, slime_dummy
Orc:1:    layout_caves, portal_ice_cave_entry_pillars_1, basic_altar
Orc:2:    st_orc_ogre_mass, layout_caves, uniq_saint_roka

Skill      XL: |  1  2  3  4  5  6  7  8  9 10 11 12 13 14 15 |
---------------+----------------------------------------------+-----
Crossbows      | 6 7 9 10 15 16 19 22 | 22.0
Dodging        | 4 6 9 10 12 14 15 | 15.4
Stealth        | 3 4 5 6 7 |  7.0
Fighting       | 4 5 8 10 12 14 | 14.7
Invocations    | 2 3 4 5 7 8 |  8.4

Action                   |  1- 3 |  4- 6 |  7- 9 | 10-12 | 13-15 || total
-------------------------+-------+-------+-------+-------+-------++-------
Melee: Unarmed           |       |       |       |     7 |       ||     7
 Fire: Hand crossbow     |    59 |   137 |   310 |   329 |       ||   835
       Arbalest          |       |       |       |   330 |   675 ||  1005
       Triple crossbow   |       |       |       |       |   276 ||   276
Invok: Heroism           |       |       |       |     3 |     7 ||    10
       Finesse           |       |       |       |       |     6 ||     6
Evoke: Wand              |       |       |     4 |       |     1 ||     5
  Use: Scroll            |       |    11 |     8 |    11 |    10 ||    40
       Potion            |       |       |     1 |     4 |    14 ||    19
Armor: Leather armour    |     5 |     7 |    53 |    16 |       ||    81
       Steam dragon scal |       |       |       |    17 |   108 ||   125
       Skin              |       |       |       |       |     1 ||     1
Dodge: Dodged            |    15 |    49 |   194 |   418 |   991 ||  1667
       Repelled          |       |       |     2 |     3 |    11 ||    16

Table legend: (Time is in decaauts)
 A = Elapsed time spent in this place.
 B = Non-inter-level travel time spent in this place.
 C = Inter-level travel time spent in this place.
 D = Time resting spent in this place.
 E = Time spent auto-exploring this place.
 F = Levels seen in this place.
 G = Mean time per level.
                   A        B        C        D        E       F      G
               +--------+--------+--------+--------+--------+-----+--------+
         Total |  19745 |  18995 |    750 |   1714 |  13865 |  20 |  987.2 |
       Dungeon |  10990 |  10578 |    412 |    970 |   7817 |  11 |  999.1 |
        Temple |    210 |    170 |     40 |      0 |    148 |   1 |  210.0 |
          Lair |   7311 |   7039 |    272 |    602 |   5200 |   6 | 1218.5 |
  Orcish Mines |   1232 |   1206 |     26 |    141 |    700 |   2 |  616.0 |
               +--------+--------+--------+--------+--------+-----+--------+

Top non-repeatable levels by time:
  Lair:6: 1869 daAuts
     D:4: 1509 daAuts
    D:10: 1305 daAuts
     D:7: 1301 daAuts
     D:6: 1289 daAuts
  Lair:2: 1234 daAuts
  Lair:3: 1108 daAuts
  Lair:4: 1062 daAuts
  Lair:5: 1055 daAuts
  Lair:1: 980 daAuts
     D:5: 976 daAuts
     D:3: 924 daAuts
     D:9: 917 daAuts
    D:11: 828 daAuts
     D:8: 729 daAuts
